[Event "Titled Tuesday Blitz January 03 Late 2023"]
[White "Finkelstein, Alan"]
[Black "Suvorov, Alexander"]
[WhiteFideId "30950961"]
[BlackFideId "12977063"]
[WhiteElo "2152"]
[BlackElo "2338"]
[Result "1/2-1/2"]
[Round "05"]
[TimeControl "180+2"]
[Date "2023.01.03"]
[WhiteClock "0:00:04"]
[BlackClock "0:00:08"]

1. d4 d6 2. c4 e5 3. d5 f5 4. e4 fxe4 5. Nc3 Nf6 6. Nge2 Bg4 7. Qc2 Bf5 8. Ng3 g6 9. Ncxe4 Nxe4 10. Nxe4 Nd7 11. Bd3 Bg7 12. Bg5 Qc8 13. O-O O-O 14. b4 a5 15. a3 b6 16. f3 Qb7 17. Rab1 axb4 18. axb4 Qa7 19. Be3 Qa2 20. Rb2 Qa3 21. Rb3 Qa2 22. Rb2 Qa3 23. Rb3 Qa4 24. Ng5 Bh6 25. Rc1 Bxg5 26. Bxg5 Qa2 27. Rb2 Bxd3 28. Rxa2 Bxc2 29. Rcxc2 Kf7 30. Kf2 Kg7 31. Ke3 h6 32. Bh4 g5 33. Be1 Nf6 34. Bc3 Kg6 35. h3 h5 36. Kd3 g4 37. hxg4 hxg4 38. Be1 gxf3 39. gxf3 Nh5 40. Rg2+ Kf5 41. Rxa8 Nf4+ 42. Ke3 Rxa8 43. Rg4 Ra3+ 44. Kf2 Ra2+ 45. Kg3 Rg2+ 46. Kh4 Rh2+ 47. Kg3 Rh3+ 48. Kf2 Rh2+ 49. Kg3 Re2 50. Bf2 Nd3 51. Bg1 Nxb4 52. Rg7 Rc2 53. Rxc7 Nxd5 54. Rc6 Nf4 55. Bxb6 Rg2+ 56. Kh4 Ng6+ 57. Kh3 Nf4+ 58. Kh4 Rh2+ 59. Kg3 Rh3+ 60. Kf2 Rh2+ 61. Kg3 Rg2+ 62. Kh4 1/2-1/2


[Site "https://www.chess.com"]

[Event "Titled Tuesday Blitz January 03 Late 2023"]
[White "Fishbein, Alexander"]
[Black "Corredor Castellanos, Camilo"]
[WhiteFideId "2000377"]
[BlackFideId "4425871"]
[WhiteElo "2366"]
[BlackElo "1957"]
[Result "1-0"]
[Round "05"]
[TimeControl "180+2"]
[Date "2023.01.03"]
[WhiteClock "0:02:09"]
[BlackClock "0:02:10"]

1. e4 c5 2. Nf3 d6 3. d4 cxd4 4. Nxd4 Nf6 5. Nc3 a6 6. Be2 e5 7. Nb3 Be6 8. O-O Nc6 9. f4 exf4 10. Bxf4 Qb6+ 11. Kh1 Rd8 12. Qd2 Be7 13. Rad1 O-O 14. Nd5 Bxd5 15. exd5 Ne5 16. c4 Ng6 17. Be3 Rfe8 18. Bxb6 1-0


[Site "https://www.chess.com"]

[Event "Titled Tuesday Blitz January 03 Late 2023"]
[White "Berezin, Viktor"]
[Black "Avila Pavas, Santiago"]
[WhiteFideId "14107872"]
[BlackFideId "4437128"]
[WhiteElo "2307"]
[BlackElo "2522"]
[Result "0-1"]
[Round "05"]
[TimeControl "180+2"]
[Date "2023.01.03"]
[WhiteClock "0:00:05"]
[BlackClock "0:00:40"]

1. d4 Nf6 2. Nf3 e6 3. c4 d5 4. g3 Bb4+ 5. Nbd2 dxc4 6. Bg2 b5 7. O-O O-O 8. Qc2 c6 9. a4 a5 10. b3 cxb3 11. Nxb3 Ra6 12. Rd1 Nbd7 13. Ne5 bxa4 14. Rxa4 Bb7 15. Ba3 Bxa3 16. Rxa3 Qb6 17. Rb1 Qc7 18. Nxd7 Nxd7 19. Rxa5 Rxa5 20. Nxa5 Qxa5 21. Rxb7 Qa1+ 22. Bf1 Qxd4 23. e3 Qd6 24. Bg2 Rc8 25. Rb1 g6 26. Rd1 Qc7 27. h4 h5 28. Bf1 c5 29. Bc4 Ne5 30. Be2 c4 31. Rd4 c3 32. Re4 Rb8 33. Ba6 Rb2 34. Qa4 c2 35. Qe8+ Kg7 36. Kg2 c1=Q 37. Rf4 Q1c6+ 0-1


[Site "https://www.chess.com"]

[Event "Titled Tuesday Blitz January 03 Late 2023"]
[White "Kulkarni, Rakesh"]
[Black "Dourerassou, Jonathan"]
[WhiteFideId "5037077"]
[BlackFideId "628050"]
[WhiteElo "2321"]
[BlackElo "2414"]
[Result "0-1"]
[Round "05"]
[TimeControl "180+2"]
[Date "2023.01.03"]
[WhiteClock "0:00:32"]
[BlackClock "0:00:57"]

1. e4 e6 2. d4 d5 3. Bd3 dxe4 4. Bxe4 Nf6 5. Bf3 c5 6. Ne2 Nc6 7. Be3 cxd4 8. Nxd4 Bd7 9. Nc3 Bb4 10. O-O O-O 11. Nxc6 Bxc6 12. Bxc6 bxc6 13. Qf3 Nd5 14. Ne4 f5 15. Nc5 f4 16. Nxe6 fxe3 17. Qg4 Qe7 18. Nxf8 e2 19. Ne6 exf1=Q+ 20. Rxf1 Re8 21. Nd4 Qf6 22. Qd7 Rf8 23. Nxc6 Ne3 24. Nxb4 Nxf1 25. Qd5+ Kh8 26. Nd3 Nd2 27. h3 h6 28. Ne5 Qxf2+ 29. Kh1 Qe1+ 30. Kh2 Nf1+ 31. Kh1 Ne3+ 0-1


[Site "https://www.chess.com"]

[Event "Titled Tuesday Blitz January 03 Late 2023"]
[White "Fiorito, Joaquin"]
[Black "Boyer, Mahel"]
[WhiteFideId "180173"]
[BlackFideId "45102422"]
[WhiteElo "2405"]
[BlackElo "2489"]
[Result "1-0"]
[Round "05"]
[TimeControl "180+2"]
[Date "2023.01.03"]
[WhiteClock "0:01:11"]
[BlackClock "0:00:01"]

1. d4 d6 2. e4 c5 3. d5 Nf6 4. Nc3 g6 5. Nf3 Bg7 6. Bc4 O-O 7. O-O Bg4 8. h3 Bxf3 9. Qxf3 Na6 10. Re1 Nc7 11. a4 a6 12. a5 Rb8 13. Qd1 Nd7 14. Bf1 e6 15. dxe6 Nxe6 16. Qxd6 Ne5 17. Qxd8 Rfxd8 18. Nd5 Nd4 19. Bg5 Nxc2 20. Bxd8 Nxe1 21. Bc7 N1f3+ 22. gxf3 Re8 23. Be2 Nc6 24. Rc1 Bd4 25. Bb6 Kg7 26. b3 f5 27. Bxc5 Bxc5 28. Rxc5 fxe4 29. fxe4 Rxe4 30. Bxa6 Nd4 31. Bxb7 Nxb3 32. Rc7+ Kh6 33. Nf6 Re1+ 34. Kg2 Nxa5 35. h4 g5 36. h5 g4 37. Rxh7+ Kg5 38. Ne4+ Kh4 39. Ng3 Re6 40. Rg7 Rf6 41. Bc8 Rf4 42. h6 Nc4 43. Rxg4+ Rxg4 44. Bxg4 Ne5 45. Bf5 Nf7 46. h7 Kg5 47. Bc2 Kf6 48. Kf3 Nh8 49. Kf4 Kg7 50. Nh5+ Kh6 51. Nf6 Kg7 52. Ng4 Nf7 53. Ne5 Nd8 54. Bf5 Kh8 55. Kg5 1-0


[Site "https://www.chess.com"]

[Event "Titled Tuesday Blitz January 03 Late 2023"]
[White "Wieczorek, Oskar"]
[Black "Reprintsev, Alexander"]
[WhiteFideId "1133950"]
[BlackFideId "14100541"]
[WhiteElo "2512"]
[BlackElo "2253"]
[Result "1-0"]
[Round "05"]
[TimeControl "180+2"]
[Date "2023.01.03"]
[WhiteClock "0:00:05"]
[BlackClock "0:00:02"]

1. e4 d5 2. exd5 Qxd5 3. Nc3 Qa5 4. d4 Nf6 5. Nf3 Nc6 6. Bd2 a6 7. Bc4 Qh5 8. Ng5 Qxd1+ 9. Rxd1 e6 10. Bf4 Bd6 11. Bg3 h6 12. Nge4 Nxe4 13. Nxe4 Bxg3 14. hxg3 b6 15. g4 Bb7 16. f3 O-O-O 17. c3 Na5 18. Bd3 f5 19. Nf2 g6 20. O-O h5 21. g5 Bd5 22. b3 Kb7 23. Rfe1 Rhe8 24. Nh3 c5 25. dxc5 e5 26. cxb6 Kxb6 27. c4 Bc6 28. Bc2 Nb7 29. b4 Kc7 30. a3 Nd6 31. Bb3 Nf7 32. Rxd8 Rxd8 33. Rd1 Rxd1+ 34. Bxd1 e4 35. Kf2 Ne5 36. Nf4 exf3 37. gxf3 Be8 38. c5 Bf7 39. Be2 Kb7 40. Bf1 h4 41. Be2 Ka7 42. Kg2 1-0


[Site "https://www.chess.com"]

[Event "Titled Tuesday Blitz January 03 Late 2023"]
[White "Kalogeris, Ioannis"]
[Black "UnknownMagician"]
[WhiteFideId "4239563"]
[WhiteElo "2423"]
[BlackElo "2670"]
[Result "0-1"]
[Round "05"]
[TimeControl "180+2"]
[Date "2023.01.03"]
[WhiteClock "0:00:01"]
[BlackClock "0:00:33"]

1. e4 c6 2. d4 d5 3. e5 Bf5 4. Nf3 e6 5. Be2 h6 6. Nbd2 Nd7 7. Nb3 Ne7 8. a4 g5 9. O-O Qc7 10. c3 O-O-O 11. a5 a6 12. Ne1 f6 13. f4 gxf4 14. exf6 Ng6 15. Bd3 Nxf6 16. Bxf5 exf5 17. Qd3 Ne4 18. Qh3 Qd7 19. Nd3 Bd6 20. Nbc5 Qf7 21. Nxe4 dxe4 22. Nxf4 Ne7 23. Nh5 Kb8 24. Bf4 Rhg8 25. Bxd6+ Rxd6 26. Ng3 Rdg6 27. Rae1 Qd5 28. Re2 Qxa5 29. Nxf5 Qb5 30. Rc2 Qb3 31. Re2 Qc4 32. Rd2 Nd5 33. Ng3 e3 34. Rc2 Qd3 35. Qf5 Qc4 36. Qe5+ Ka7 37. Rf7 Qd3 38. Qf5 Qd1+ 39. Nf1 e2 40. Rxe2 Qxe2 41. Qd7 Qxg2# 0-1


[Site "https://www.chess.com"]

[Event "Titled Tuesday Blitz January 03 Late 2023"]
[White "Yashmetov, Mikhail"]
[Black "Vlassov, Nikolai"]
[WhiteFideId "24198900"]
[BlackFideId "4103360"]
[WhiteElo "2323"]
[BlackElo "2283"]
[Result "0-1"]
[Round "05"]
[TimeControl "180+2"]
[Date "2023.01.03"]
[WhiteClock "0:00:04"]
[BlackClock "0:00:05"]

1. d4 Nf6 2. c4 Nc6 3. Nf3 e6 4. Nc3 Bb4 5. Bd2 O-O 6. g3 d6 7. Bg2 e5 8. d5 Ne7 9. O-O c6 10. Ne1 cxd5 11. Nxd5 Nexd5 12. cxd5 Bc5 13. Nd3 Bb6 14. e4 Ne8 15. Kh1 f5 16. f4 fxe4 17. Bxe4 Nf6 18. Bg2 e4 19. Nb4 Bg4 20. Qe1 Re8 21. Be3 Rc8 22. h3 Bf3 23. Rc1 Qd7 24. Kh2 Ba5 25. a3 Nxd5 26. Bd4 Bxg2 27. Kxg2 e3 28. Qe2 Bxb4 29. axb4 Nxb4 30. Rxc8 Qxc8 31. Bxe3 Nd5 32. Rf3 Qc6 33. Kf2 Nxe3 34. Rxe3 Qc5 35. Kf3 Rxe3+ 36. Qxe3 Qxe3+ 37. Kxe3 Kf7 38. Kd4 Ke6 39. g4 g6 40. h4 a5 41. Kc4 h5 42. f5+ gxf5 43. gxh5 d5+ 44. Kd4 Kf6 45. Kxd5 b5 46. Kc5 f4 47. Kd4 a4 48. Ke4 b4 49. h6 a3 50. h7 Kg7 0-1


[Site "https://www.chess.com"]

[Event "Titled Tuesday Blitz January 03 Late 2023"]
[White "reevecanada"]
[Black "Haydon, David L"]
[BlackFideId "415405"]
[WhiteElo "2486"]
[BlackElo "2253"]
[Result "0-1"]
[Round "05"]
[TimeControl "180+2"]
[Date "2023.01.03"]
[WhiteClock "0:00:24"]
[BlackClock "0:00:36"]

1. e4 c6 2. c4 d5 3. cxd5 cxd5 4. exd5 Qxd5 5. Nc3 Qd8 6. d4 Nf6 7. Nf3 g6 8. Bc4 Bg7 9. O-O O-O 10. h3 a6 11. Re1 b5 12. Bb3 Bb7 13. Bf4 Nc6 14. a3 Na5 15. Ba2 Rc8 16. Qe2 e6 17. Rad1 Nc4 18. Bg5 h6 19. Bh4 g5 20. Bg3 Nxa3 21. Ne5 Nc4 22. Nxc4 bxc4 23. Bxc4 a5 24. Be5 Qb6 25. Ba2 Qc6 26. f3 Qb6 27. Bb1 Nd5 28. Qd3 f5 29. Qe2 Rxc3 30. bxc3 Nxc3 31. Qc4 Rc8 32. Qd3 Bxe5 33. Rxe5 Nxd1 34. Qxd1 Rd8 35. Qe1 Qxd4+ 36. Kh1 Bd5 37. Rxe6 Bxe6 38. Qxe6+ Kf8 39. Qxf5+ Ke7 40. Qh7+ Ke6 41. Qxh6+ Qf6 42. Ba2+ Ke5 43. f4+ gxf4 44. Qh5+ Kd4 45. Qxa5 Qd6 46. Qd2+ Ke5 47. Qe2+ Kf6 48. Qb2+ Qe5 49. Qb6+ Rd6 50. Qf2 Rd1+ 51. Kh2 f3+ 52. Qg3 Rh1+ 53. Kxh1 Qxg3 54. gxf3 Qxh3+ 55. Kg1 Qxf3 56. Kh2 Qf2+ 57. Kh1 Qxa2 58. Kg1 Kg5 59. Kh1 Kf4 60. Kg1 Kg3 61. Kh1 Qa1# 0-1


[Site "https://www.chess.com"]

[Event "Titled Tuesday Blitz January 03 Late 2023"]
[White "Blanco Acevedo, Cristobal Jose"]
[Black "Hsu, Li Yang"]
[WhiteFideId "3900525"]
[BlackFideId "5800080"]
[WhiteElo "2310"]
[BlackElo "2427"]
[Result "1-0"]
[Round "05"]
[TimeControl "180+2"]
[Date "2023.01.03"]
[WhiteClock "0:01:26"]
[BlackClock "0:00:19"]

1. e4 c6 2. d4 d5 3. exd5 cxd5 4. Bd3 Nc6 5. c3 Qc7 6. Ne2 Bg4 7. Qb3 Bxe2 8. Kxe2 e6 9. g3 Bd6 10. Re1 Nge7 11. Kf1 h5 12. Kg2 h4 13. Na3 a6 14. Nc2 hxg3 15. hxg3 O-O-O 16. Ne3 Rh5 17. Bd2 Rdh8 18. Rh1 f5 19. Rxh5 Rxh5 20. Rh1 Rxh1 21. Kxh1 f4 22. gxf4 Bxf4 23. Qd1 g5 24. Qg4 Nd8 25. Be1 Nec6 26. Nxd5 Qf7 27. Nxf4 gxf4 28. Bd2 Kb8 29. Qxf4+ Ka7 30. Qxf7 Nxf7 31. Bf4 b5 32. Be4 Ncd8 33. Kg2 Kb6 34. Kg3 a5 35. Kg4 b4 36. c4 1-0


[Site "https://www.chess.com"]

[Event "Titled Tuesday Blitz January 03 Late 2023"]
[White "Martins, Bruno Andre Leite"]
[Black "Blanco Ronquillo, Humberto L."]
[WhiteFideId "1942255"]
[BlackFideId "3504239"]
[WhiteElo "2348"]
[BlackElo "2442"]
[Result "1-0"]
[Round "05"]
[TimeControl "180+2"]
[Date "2023.01.03"]
[WhiteClock "0:00:16"]
[BlackClock "0:00:03"]

1. e4 e5 2. Nf3 Nc6 3. d4 exd4 4. Nxd4 Bc5 5. Nxc6 Qf6 6. Qf3 Qxf3 7. gxf3 bxc6 8. Be3 Bb6 9. Rg1 g6 10. Nd2 Ne7 11. Bh6 d6 12. Bg7 Rg8 13. Bf6 Be6 14. Nc4 Kd7 15. Rd1 Rgb8 16. a4 Ke8 17. b3 Bc5 18. Bd3 Ng8 19. Bb2 Kf8 20. h4 h5 21. Ke2 Re8 22. Kf1 Bh3+ 23. Ke2 d5 24. Ne5 Bd6 25. Nxc6 Bd7 26. Nd4 Be5 27. Rg5 Rad8 28. Rxe5 Rxe5 29. Nc6 Bxc6 30. Bxe5 dxe4 31. fxe4 Bxe4 32. Bxe4 Re8 33. f4 f6 34. Bxg6 Re7 35. Rd5 fxe5 36. fxe5 Nh6 37. Kf3 Ng4 38. Kf4 Nf2 39. Bxh5 Kg7 40. Rd2 Nh3+ 41. Kf5 Kh6 42. Bg6 Ng1 43. Rf2 c5 44. Kf6 Nh3 45. Kxe7 Nxf2 46. Bf5 Nd1 47. e6 Ne3 48. Bh3 Kg7 49. Kd8 Nd5 50. e7 Nxe7 51. Kxe7 c4 52. bxc4 1-0


[Site "https://www.chess.com"]

[Event "Titled Tuesday Blitz January 03 Late 2023"]
[White "Papp, Levente"]
[Black "Ibadov, Dashgyn"]
[WhiteFideId "751243"]
[BlackFideId "24107514"]
[WhiteElo "2353"]
[BlackElo "2391"]
[Result "1-0"]
[Round "05"]
[TimeControl "180+2"]
[Date "2023.01.03"]
[WhiteClock "0:00:05"]
[BlackClock "0:00:01"]

1. c4 Nf6 2. Nc3 c5 3. g3 e6 4. Nf3 b6 5. Bg2 Bb7 6. O-O Be7 7. Re1 d6 8. e4 a6 9. d4 cxd4 10. Nxd4 Qc7 11. b3 O-O 12. Bb2 Rc8 13. Rc1 Nbd7 14. f4 Nc5 15. f5 e5 16. Nc2 b5 17. Ne3 Ncxe4 18. Ncd5 Bxd5 19. Nxd5 Qa7+ 20. Bd4 exd4 21. Bxe4 Nxd5 22. Bxd5 Bg5 23. Rb1 Be3+ 24. Kg2 Rab8 25. f6 g6 26. Qf3 Re8 27. h4 Bh6 28. h5 Re3 29. Qg4 g5 30. Rxe3 dxe3 31. Qe4 Qd7 32. Qxe3 Re8 33. Qf3 g4 34. Qf2 Be3 35. Qc2 Bc5 36. Rf1 Re5 37. Rf4 Qe8 38. Be4 Kh8 39. Qd3 bxc4 40. bxc4 h6 41. Rxg4 Qb8 42. Rg7 Qb2+ 43. Kh3 Qf2 44. Bf3 Re3 45. Qh7# 1-0


[Site "https://www.chess.com"]

[Event "Titled Tuesday Blitz January 03 Late 2023"]
[White "Ladan, Nicholas"]
[Black "Di Berardino, Diego Rafael"]
[WhiteFideId "30918855"]
[BlackFideId "2105446"]
[WhiteElo "2228"]
[BlackElo "2479"]
[Result "0-1"]
[Round "05"]
[TimeControl "180+2"]
[Date "2023.01.03"]
[WhiteClock "0:00:08"]
[BlackClock "0:00:20"]

1. d4 Nf6 2. Bf4 c5 3. d5 d6 4. Nc3 e5 5. dxe6 Bxe6 6. e4 Nc6 7. Nf3 Be7 8. e5 dxe5 9. Nxe5 Nxe5 10. Bxe5 O-O 11. Bd3 c4 12. Be2 Qa5 13. Bg3 Rfd8 14. Qc1 Ne4 15. O-O Nxc3 16. bxc3 Qxc3 17. Rb1 b6 18. Bf3 Rac8 19. Re1 Rd7 20. Re3 Qa5 21. Qe1 Qxe1+ 22. Rbxe1 Rcd8 23. h3 h6 24. Bg4 Bxg4 25. hxg4 Bf6 26. Be5 Bxe5 27. Rxe5 Rd1 28. Kf1 R8d2 29. Rxd1 Rxd1+ 30. Ke2 Ra1 31. Re8+ Kh7 32. Re7 Rxa2 33. Kd2 f6 34. f4 b5 35. Rc7 a6 36. Kc3 Ra3+ 37. Kb4 Rg3 38. Rc6 Rxg2 39. g5 hxg5 40. fxg5 Rxg5 41. Rxa6 Re5 42. Ra5 g5 43. Rxb5 Rxb5+ 44. Kxb5 g4 45. Kxc4 g3 46. Kd3 g2 47. Ke2 g1=Q 0-1


[Site "https://www.chess.com"]

[Event "Titled Tuesday Blitz January 03 Late 2023"]
[White "Pesotskiy, Mikhail"]
[Black "Baskin, Robert"]
[WhiteFideId "34164453"]
[BlackFideId "24662402"]
[WhiteElo "2153"]
[BlackElo "2442"]
[Result "0-1"]
[Round "05"]
[TimeControl "180+2"]
[Date "2023.01.03"]
[WhiteClock "0:00:07"]
[BlackClock "0:00:24"]

1. d4 d6 2. c4 Nc6 3. Nc3 g6 4. h4 Bg7 5. e3 e5 6. d5 Nce7 7. h5 f5 8. Nf3 Nf6 9. h6 Bf8 10. Ng5 a5 11. Ne6 Bxe6 12. dxe6 c6 13. e4 f4 14. g3 g5 15. Bh3 Bxh6 16. b3 Ng6 17. Ba3 Bf8 18. Bf5 Rg8 19. Rxh7 Nxh7 20. Qh5 Qf6 21. Qxh7 Rg7 22. Qh5 O-O-O 23. O-O-O Be7 24. Rh1 Rh8 25. Qxh8+ Nxh8 26. Rxh8+ Kc7 27. Na4 Rg6 28. c5 Qxh8 0-1


[Site "https://www.chess.com"]

[Event "Titled Tuesday Blitz January 03 Late 2023"]
[White "Aldokhin, Ivan"]
[Black "Fernandez Garcia, Gumersindo"]
[WhiteFideId "24115720"]
[BlackFideId "24516740"]
[WhiteElo "2413"]
[BlackElo "2160"]
[Result "1-0"]
[Round "05"]
[TimeControl "180+2"]
[Date "2023.01.03"]
[WhiteClock "0:00:06"]
[BlackClock "0:00:16"]

1. e4 d6 2. d4 Nf6 3. Nc3 e5 4. Nf3 Nbd7 5. Bc4 Be7 6. g4 exd4 7. Qxd4 c5 8. Qd1 Nxg4 9. Bf4 Nde5 10. Bxe5 Nxe5 11. Nxe5 dxe5 12. Qh5 O-O 13. Nd5 Be6 14. O-O-O Bxd5 15. Rxd5 Qc7 16. Rhd1 Rad8 17. Rxd8 Bxd8 18. Qh3 Bg5+ 19. Kb1 Rd8 20. Bd5 c4 21. Qf5 Bf6 22. Rg1 Qb6 23. Rg3 h6 24. a3 Kf8 25. Bxc4 Qc5 26. Bd5 b5 27. Rc3 Qd6 28. Rc6 Qd7 29. Rxf6 gxf6 30. Qxf6 Qe7 31. Qh8# 1-0


[Site "https://www.chess.com"]

[Event "Titled Tuesday Blitz January 03 Late 2023"]
[White "Fishbein, Mitch"]
[Black "Espinosa, Pedro"]
[WhiteFideId "30922917"]
[BlackFideId "30921066"]
[WhiteElo "2120"]
[BlackElo "2229"]
[Result "1/2-1/2"]
[Round "05"]
[TimeControl "180+2"]
[Date "2023.01.03"]
[WhiteClock "0:00:10"]
[BlackClock "0:00:11"]

1. d4 d5 2. c4 c6 3. Nf3 Nf6 4. Qc2 dxc4 5. Qxc4 Bf5 6. g3 e6 7. Bg2 Nbd7 8. O-O Be7 9. Qb3 Qb6 10. Nbd2 O-O 11. Nc4 Qxb3 12. axb3 Rfc8 13. Bf4 Be4 14. Nd6 Bxd6 15. Bxd6 a6 16. Rfc1 Nb6 17. Bf1 Nbd5 18. Nd2 Bg6 19. f3 Rd8 20. Bc5 Ne3 21. Nc4 Nc2 22. Bb6 Nxa1 23. Rxa1 Rd7 24. Ne5 Rd6 25. Nc4 Rd5 26. Bc5 Rdd8 27. e4 Nd7 28. Bd6 f6 29. Bc7 Rf8 30. Bd6 Rfe8 31. Na5 Ra7 32. Kf2 e5 33. Bc4+ Bf7 34. d5 cxd5 35. exd5 b5 36. Nc6 Rb7 37. Ne7+ Rxe7 38. Bxe7 bxc4 39. bxc4 Rxb2+ 40. Ke3 Nb8 41. Bd6 Rb6 42. Bxb8 Rxb8 43. Rxa6 Kf8 44. f4 Rb3+ 45. Kf2 exf4 46. gxf4 Rc3 47. Rc6 Be8 48. Rc7 Bf7 49. Rc6 h5 50. h4 Kg8 51. Ke2 Kh7 52. Kd2 Ra3 53. d6 Bg6 54. c5 Be4 55. Rc7 Rd3+ 56. Ke2 f5 57. d7 Rd4 58. c6 Bxc6 59. Rxc6 Rxd7 60. Ke3 Re7+ 61. Kf3 g6 62. Rc5 Ra7 63. Rc3 Ra4 64. Rb3 Ra1 65. Rc3 Kh6 66. Kg3 Rg1+ 67. Kh3 Rg4 68. Rf3 Kg7 69. Rf2 Kf6 70. Rf1 Ke6 71. Rf2 Kd5 72. Re2 Rxf4 73. Re8 Rg4 74. Re7 Kd6 75. Re8 Kd7 76. Re1 Kd6 77. Re2 Re4 78. Rg2 Re6 79. Kg3 Ke7 80. Kf4 Kf6 81. Ra2 Re4+ 82. Kg3 Rd4 83. Ra6+ Kg7 84. Ra7+ Kh6 85. Ra6 Rd3+ 86. Kg2 Rc3 87. Rb6 Rc4 88. Kg3 Rg4+ 89. Kh3 f4 90. Rb7 Rg1 91. Rf7 Rg3+ 92. Kh2 Rg4 93. Kh3 g5 94. Rf6+ Kg7 95. hxg5 Kh7 96. Kh2 Rxg5 97. Rxf4 Rb5 98. Rc4 Kg6 99. Kh3 Rb3+ 100. Kh2 Kg5 101. Rc5+ Kh4 102. Rc4+ Kg5 103. Rc5+ Kg6 104. Rc6+ Kf7 105. Rc7+ Ke6 106. Rc5 h4 107. Rh5 Rb4 108. Kh3 Kf6 109. Rxh4 Rb1 110. Ra4 Kg5 111. Kg3 Rb3+ 112. Kf2 Kf5 113. Ke2 Ke5 114. Kd2 Rh3 115. Ke2 Kd5 116. Kf2 Rh2+ 117. Kg3 Rc2 118. Kf3 Rc3+ 119. Ke2 Rh3 120. Kf2 Kc5 121. Kg2 Rd3 122. Rg4 Kd5 123. Rg3 Rd2+ 124. Kf3 Rd1 125. Rg5+ Ke6 126. Rg6+ Kf5 127. Ra6 Rd3+ 128. Ke2 Rh3 129. Ra4 Rh2+ 130. Kf3 Rh1 131. Kf2 Rc1 132. Kg2 Rc5 133. Kf3 Re5 134. Kf2 Re4 135. Rxe4 Kxe4 1/2-1/2


[Site "https://www.chess.com"]

[Event "Titled Tuesday Blitz January 03 Late 2023"]
[White "Hansen, Torbjorn Ringdal"]
[Black "Sebag, Marie"]
[WhiteFideId "1501720"]
[BlackFideId "617822"]
[WhiteElo "2432"]
[BlackElo "2430"]
[Result "0-1"]
[Round "05"]
[TimeControl "180+2"]
[Date "2023.01.03"]
[WhiteClock "0:00:09"]
[BlackClock "0:00:08"]

1. c4 e5 2. g3 Nf6 3. Bg2 Nc6 4. Nc3 Bc5 5. Nf3 d6 6. d3 h6 7. O-O O-O 8. a3 a6 9. b4 Ba7 10. Bb2 Ne7 11. Rc1 Ng6 12. Nd2 Re8 13. e3 c6 14. Nde4 Nxe4 15. dxe4 Be6 16. Qe2 Qe7 17. Rfd1 Rad8 18. Rd2 b5 19. cxb5 axb5 20. a4 bxa4 21. Nxa4 Qb7 22. Bc3 d5 23. exd5 cxd5 24. Nc5 Bxc5 25. bxc5 Rc8 26. Ba5 e4 27. Rdc2 Ne5 28. Rc3 Nc4 29. Bb6 Nxb6 30. cxb6 Rxc3 31. Rxc3 Qxb6 32. Qc2 Rb8 33. h3 h5 34. Kh2 g6 35. Rc6 Qb2 36. Qxb2 Rxb2 37. Kg1 Kg7 38. Rd6 Kf6 39. Rd8 Ke5 40. Ra8 Rb1+ 41. Kh2 Kf6 42. Ra5 Rd1 43. Ra6 Ke7 44. Ra7+ Kf8 45. Ra6 Kg7 46. Ra7 g5 47. Ra5 h4 48. g4 Rd2 49. Kg1 f5 50. gxf5 Bxf5 51. Rb5 Kf6 52. Rb6+ Be6 53. Rb8 Ke5 54. Rh8 d4 55. exd4+ Rxd4 56. Rh6 Rd1+ 57. Kh2 Rd2 58. Kg1 Bd5 59. Rh5 Kf5 60. Rh8 e3 61. Bxd5 exf2+ 62. Kg2 Rxd5 63. Kxf2 Rd3 64. Kg2 Rd2+ 65. Kh1 Kf4 66. Ra8 Rf2 67. Kg1 Rf3 68. Ra4+ Kf5 69. Ra5+ Kg6 70. Kg2 Rb3 71. Rc5 Rb2+ 72. Kg1 Re2 73. Kh1 Rf2 74. Kg1 Rf5 75. Rc6+ Kf7 76. Kg2 Rf6 77. Rc5 Kg6 78. Rb5 Re6 79. Ra5 Kf6 80. Rb5 Re2+ 81. Kg1 Re5 82. Rb6+ Kf5 83. Rb4 Re4 84. Rb3 Kf4 85. Kg2 Re2+ 86. Kg1 Re3 87. Rb5 Rxh3 88. Kg2 Rg3+ 89. Kh2 Rc3 90. Rb4+ Kf5 91. Rb5+ Kg6 92. Rb6+ Kh5 93. Rb5 Rc2+ 94. Kh3 Rc3+ 95. Kh2 h3 96. Rb4 g4 97. Rb8 Rc2+ 98. Kh1 g3 99. Rb5+ Kg4 100. Rb4+ Kf5 101. Rb3 Rc1# 0-1


[Site "https://www.chess.com"]

[Event "Titled Tuesday Blitz January 03 Late 2023"]
[White "Ballester Llagaria, Luis Eduardo"]
[Black "Yeritsyan, Hayk"]
[WhiteFideId "2297620"]
[BlackFideId "13307320"]
[WhiteElo "2298"]
[BlackElo "2241"]
[Result "1-0"]
[Round "05"]
[TimeControl "180+2"]
[Date "2023.01.03"]
[WhiteClock "0:02:27"]
[BlackClock "0:01:50"]

1. e4 c6 2. Nc3 d5 3. Nf3 dxe4 4. Nxe4 Nd7 5. Bc4 Ngf6 6. Qe2 Nxe4 7. Qxe4 Nf6 8. Ne5 e6 9. Qe2 Bd6 10. d4 O-O 11. O-O Qc7 12. Bf4 c5 13. Rad1 a6 14. dxc5 Qxc5 15. Nd7 1-0


[Site "https://www.chess.com"]

[Event "Titled Tuesday Blitz January 03 Late 2023"]
[White "Kleinman, Michael"]
[Black "Alikhanov, Felix"]
[WhiteFideId "2609479"]
[BlackFideId "4157427"]
[WhiteElo "2387"]
[BlackElo "2434"]
[Result "0-1"]
[Round "05"]
[TimeControl "180+2"]
[Date "2023.01.03"]
[WhiteClock "0:00:04"]
[BlackClock "0:00:20"]

1. c4 e5 2. Nc3 Nc6 3. g3 Nf6 4. Bg2 Bc5 5. Nf3 d6 6. d3 h6 7. a3 a6 8. b4 Ba7 9. Bb2 O-O 10. O-O Nd4 11. Nxd4 Bxd4 12. e3 Ba7 13. Qd2 c6 14. Rfe1 Re8 15. d4 Qc7 16. d5 Bf5 17. Red1 Rad8 18. Rac1 Qd7 19. dxc6 bxc6 20. c5 d5 21. e4 Bg4 22. exd5 Bxd1 23. Rxd1 cxd5 24. Nxd5 Nxd5 25. Bxd5 Qc7 26. Qd3 a5 27. Qb3 axb4 28. axb4 Rd7 29. Re1 Qd8 30. Bc6 Rd3 31. Qa4 Re7 32. Rxe5 Rxe5 33. Bxe5 Qe7 34. Bf4 g5 35. Be3 Rxe3 36. fxe3 Qxe3+ 37. Kf1 Qd3+ 38. Ke1 Bb8 39. Qa8 Qb1+ 40. Ke2 Qxb4 41. Bb7 Qb2+ 42. Kf3 Qe5 43. c6 Kg7 44. Qa4 h5 45. Qe4 g4+ 46. Ke3 Ba7+ 47. Kd3 Qb5+ 48. Qc4 Qf5+ 49. Kc3 Bb6 50. c7 Qa5+ 51. Kb3 Bxc7 52. Qd4+ Be5 53. Bd5 Bxd4 54. Bc4 Qc5 0-1


[Site "https://www.chess.com"]

[Event "Titled Tuesday Blitz January 03 Late 2023"]
[White "Karthik, Advaith"]
[Black "Levitskiy, Andrey"]
[WhiteFideId "30946050"]
[BlackFideId "14132885"]
[WhiteElo "2075"]
[BlackElo "2304"]
[Result "1/2-1/2"]
[Round "05"]
[TimeControl "180+2"]
[Date "2023.01.03"]
[WhiteClock "0:00:02"]
[BlackClock "0:00:02"]

1. d4 Nf6 2. c4 e6 3. Nc3 Bb4 4. e3 O-O 5. Bd3 d5 6. Ne2 c5 7. cxd5 Nxd5 8. O-O cxd4 9. exd4 Nc6 10. Nxd5 Qxd5 11. Be3 e5 12. dxe5 Qxe5 13. Qb3 Be6 14. Qc2 h6 15. Nf4 Bd6 16. Bh7+ Kh8 17. Qe4 Qf6 18. Nxe6 fxe6 19. Bg6 Qxb2 20. Rab1 Qe5 21. Qxe5 Nxe5 22. Be4 Nc4 23. Bxb7 Nxe3 24. fxe3 Rxf1+ 25. Kxf1 Rb8 26. h3 g5 27. Rb3 Kg7 28. Ke2 Kf6 29. Kd3 Bc5 30. Be4 Rd8+ 31. Ke2 Bb6 32. Rd3 Rc8 33. Rd7 Rc4 34. Bd3 Ra4 35. Bb1 Rb4 36. Rd1 Rb2+ 37. Kf3 h5 38. g4 h4 39. Rh1 Ke5 40. a4 a5 41. Bd3 Ra2 42. Bb5 Ra3 43. Re1 Bc5 44. Re2 Ra1 45. Kg2 Ke4 46. Bc6+ Kd3 47. Bb5+ Ke4 48. Bc6+ Ke5 49. Bb5 Ra3 50. Kf3 Bb4 51. Rc2 Ra1 52. Kg2 Re1 53. Kf3 Rh1 54. Kg2 Rd1 55. Kf3 Ra1 56. Re2 Ra3 57. Rc2 Ra1 1/2-1/2


[Site "https://www.chess.com"]

[Event "Titled Tuesday Blitz January 03 Late 2023"]
[White "Ozer, Omer Faruk"]
[Black "Strahov, Andrej"]
[WhiteFideId "6354564"]
[BlackFideId "4165489"]
[WhiteElo "2360"]
[BlackElo "2398"]
[Result "1-0"]
[Round "05"]
[TimeControl "180+2"]
[Date "2023.01.03"]
[WhiteClock "0:01:07"]
[BlackClock "0:00:06"]

1. d4 f5 2. g3 Nf6 3. Bg2 e6 4. c4 Be7 5. Nc3 O-O 6. Bg5 d6 7. Nf3 Qe8 8. Qc2 Nc6 9. O-O-O a5 10. h3 Bd7 11. g4 Nb4 12. Qd2 Ne4 13. Nxe4 fxe4 14. Ne1 Rxf2 15. Bxe4 Bxg5 16. Qxg5 Rxe2 17. Bf3 Rf2 18. Qe3 Rxf3 19. Nxf3 Nxa2+ 20. Kb1 Nb4 21. Rhe1 Bc6 22. d5 Qg6+ 23. Qe4 Qxe4+ 24. Rxe4 exd5 25. Re7 dxc4 26. Nd4 Be8 27. Nf5 Bg6 28. Rxg7+ Kh8 29. Rxc7 d5 30. Rxb7 Re8 31. h4 d4 32. h5 Bxf5+ 33. gxf5 c3 34. bxc3 dxc3 35. Rc1 c2+ 36. Ka1 Rf8 37. h6 1-0


[Site "https://www.chess.com"]